 Dungeon Crawl Stone Soup version 0.17-a0-1164-g0ba867e (webtiles) character file.

245 gfgf4550 the Magician (level 5, -1/38 HPs)
             Began as a Draconian Wizard on May 28, 2015.
             Slain by a jackal (2 damage)
             ... on level 6 of the Dungeon.
             The game lasted 00:23:46 (4867 turns).

gfgf4550 the Magician (Draconian Wizard)            Turns: 4867, Time: 00:23:47

Health: -1/38      AC:  5    Str: 10    XL:     5   Next: 84%
Magic:  10/10      EV: 12    Int: 19    God:
Gold:   209        SH:  0    Dex:  9    Spells: 4 memorised, 2 levels left

rFire  . . .     SeeInvis .     d - +0 spear
rCold  . . .     Clarity  .     (armour unavailable)
rNeg   . . .     SustAt   .     (no shield)
rPois  .         Gourm    .     a - +0 hat
rElec  .         Spirit   .     (no cloak)
rCorr  .         Warding  .     (no gloves)
rMut   .         Stasis   .     (no boots)
MR     .....                    (no amulet)
Stlth  +.........               (no ring)
                                (no ring)

@: very slightly contaminated, not resistant to hostile enchantments, very
unstealthy
A: unfitting armour, cold-blooded, AC +5
a: no special abilities


You were on level 6 of the Dungeon.
You were not hungry.

You visited 1 branch of the dungeon, and saw 6 of its levels.

You collected 209 gold pieces.

Inventory:

Hand weapons
 d - a +0 spear (weapon)
Armour
 a - a +0 hat (worn)
Jewellery
 p - a +4 ring of intelligence
Magical devices
 q - a wand of fireball (14)
Scrolls
 g - 3 scrolls of recharging
 h - 2 scrolls of enchant weapon {unknown}
 i - a scroll of remove curse
 k - 2 scrolls of teleportation {unknown}
 l - a scroll of immolation {unknown}
 m - a scroll of fog {unknown}
 r - 3 scrolls of identify
 t - 2 scrolls of magic mapping {unknown}
Potions
 e - a potion of heal wounds {unknown}
 f - a potion of curing {unknown}
 j - a potion of poison {unknown}
 n - a potion of flight {unknown}
 s - a potion of invisibility
Books
 b - a book of Minor Magic

   Spells                             Type                      Level
   a - Magic Dart                     Conjuration                  1
   b - Blink                          Translocation                2
   c - Call Imp                       Summoning                    2
   d - Repel Missiles                 Charms/Air                   2
   e - Slow                           Hexes                        2
   f - Conjure Flame                  Conjuration/Fire             3
   g - Mephitic Cloud                 Conjuration/Poison/Air       3
Comestibles
 c - a bread ration


   Skills:
 * Level 3.3 Polearms
 - Level 2.0 Dodging
 - Level 1.7 Stealth
 - Level 3.3 Spellcasting
 * Level 2.8 Conjurations
 + Level 1.0 Charms
   Level 1.0 Summonings
 + Level 2.1 Translocations
 + Level 1.6 Air Magic


You had 2 spell levels left.
You knew the following spells:

 Your Spells              Type           Power        Failure   Level  Hunger
a - Magic Dart            Conj           ##..         6%          1    None
b - Blink                 Tloc           N/A          12%         2    ##.....
c - Repel Missiles        Chrm/Air       #.....       14%         2    ##.....
d - Mephitic Cloud        Conj/Pois/Air  #.......     28%         3    ###....


Dungeon Overview and Level Annotations

Branches:
Dungeon (6/15)
 Temple: D:4-7

Altars:
Makhleb

Annotations:
D:4 exclusion: jelly


Innate Abilities, Weirdness & Mutations

Your plain brown scales are hard (AC +5).
Your body does not fit into most forms of armour.
You are cold-blooded and may be slowed by cold attacks.


Message History

The giant cockroach is severely wounded.
The jackal barely misses you. The giant cockroach misses you.
Unknown command.
You hit the giant cockroach.
The giant cockroach is almost dead.
The jackal bites you but does no damage.
The giant cockroach bites you.
* * * LOW HITPOINT WARNING * * *
The jackal bites you but does no damage.
You hit the giant cockroach.
You kill the giant cockroach!
The jackal bites you but does no damage.
You hit the jackal.
The jackal is almost dead.
The jackal bites you.
* * * LOW HITPOINT WARNING * * *
You hit the jackal but do no damage.
Your tail-slap misses the jackal.
The jackal is almost dead.
The jackal bites you.
You die...

.. .# .### #
...##.. .
....... ...
.....#
.....###.....#
#...†@.....#
####h......#
###.....#
..##.# ... #
#... ....
.##..


You could see a jackal.

Vanquished Creatures
  A hound (D:4)
  A giant frog skeleton (D:4)
  A centaur skeleton (D:5)
  A hound skeleton (D:3)
  5 adders
  A shadow imp (D:2)
  8 orcs
  2 ball pythons
  5 bats
  3 bat skeletons
  5 giant cockroaches
  16 hobgoblins
  2 jackals (D:3)
  9 kobolds
  2 quokkas
  3 giant geckos
  3 giant newts
  6 goblins
  6 rats
80 creatures vanquished.

Notes
Turn   | Place    | Note
--------------------------------------------------------------
     0 | D:1      | gfgf4550 the Draconian Wizard began the quest for the Orb.
     0 | D:1      | Reached XP level 1. HP: 14/14 MP: 4/4
   474 | D:1      | Reached skill level 1 in Polearms
   482 | D:1      | Reached XP level 2. HP: 14/20 MP: 6/6
  1597 | D:2      | Reached XP level 3. HP: 11/26 MP: 7/7
  1608 | D:2      | Learned a level 2 spell: Blink
  1611 | D:2      | Learned a level 2 spell: Repel Missiles
  1615 | D:2      | Learned a level 3 spell: Mephitic Cloud
  2542 | D:3      | Found a burning altar of Makhleb.
  2808 | D:3      | Reached XP level 4. HP: 31/33 MP: 7/9
  3519 | D:4      | Reached skill level 1 in Air Magic
  3971 | D:4      | Reached XP level 5. HP: 38/38 MP: 1/10
  4281 | D:5      | Entered Level 5 of the Dungeon
  4292 | D:5      | Reached skill level 1 in Charms
  4715 | D:5      | Noticed an ice beast
  4788 | D:5      | HP: 1/38 [ice beast (12)]
  4866 | D:6      | HP: 1/38 [jackal (1)]
  4867 | D:6      | Slain by a jackal

Vault maps used:
D:1:      dpeg_arrival_tiny_i
D:3:      nicolae_overflow_hidden_temple
D:4:      minmay_temple_entry_poolview, minmay_fountain_box,
          minmay_misc_feat_diagonals
D:5:      old_standard_altar, first_bread, minmay_misc_feat_nine_boxes
D:6:      tso_altar, lemuel_coloured_pillars_altar,
          amethyst_overflow_temple_binary, nicolae_ossuary_entry_catacombs,
          cheibrodos_ashenzari_chains

Action                   |  1- 3 |  4- 6 || total
-------------------------+-------+-------++-------
Melee: Spear             |   146 |   122 ||   268
       Unarmed           |     7 |       ||     7
 Cast: Magic Dart        |    36 |    48 ||    84
       Mephitic Cloud    |       |     3 ||     3
  Use: Scroll            |     2 |     1 ||     3
       Potion            |       |     1 ||     1
 Stab: Sleeping          |     2 |     1 ||     3
       Distracted        |     1 |       ||     1
  Eat: Chunk             |     6 |     5 ||    11
       Pizza             |       |     1 ||     1
